 Dungeon Crawl Stone Soup version 0.19.4 (webtiles) character file.

177 Gargoyl the Skirmisher (level 5, -7/46 HPs)
             Began as a Ghoul Abyssal Knight on Feb 3, 2017.
             Was a Believer of Lugonu.
             Splashed by a jelly's acid (8 damage)
             ... on level 2 of the Dungeon.
             The game lasted 00:05:12 (2365 turns).

Gargoyl the Skirmisher (Ghoul Abyssal Knight)       Turns: 2365, Time: 00:05:14

Health: -7/46      AC: -1    Str: 16    XL:     5   Next: 57%
Magic:  5/5        EV:  7    Int:  7    God:    Lugonu [**....]
Gold:   59         SH:  0    Dex:  9    Spells: 0 memorised, 4 levels left

rFire  + . .     SeeInvis .     a - +1 hand axe
rCold  + . .     Gourm    .     b - +1 chain mail
rNeg   + + +     Faith    .     (no shield)
rPois  ∞         Spirit   .     (no helmet)
rElec  .         Reflect  .     (no cloak)
rCorr  .         Harm     .     (no gloves)
MR     .....                    (no boots)
Stlth  ..........               (no amulet)
                                (no ring)
                                d - ring of protection from fire

@: corroded, rotting
A: rotting body, claws 1, carnivore 3, cold resistance 1, negative energy
resistance 3, slow regeneration 1, torment resistance, unbreathing
a: Depart the Abyss, Bend Space, Renounce Religion


You were on level 2 of the Dungeon.
You worshipped Lugonu.
Lugonu was pleased with you.
You were not hungry.

You visited 1 branch of the dungeon, and saw 2 of its levels.
You visited the Abyss 1 time.

You collected 59 gold pieces.

Inventory:

Hand Weapons
 a - a +1 hand axe (weapon)
 e - a +0 spear of piercing
Armour
 b - a +1 chain mail (worn)
Jewellery
 d - a ring of protection from fire (left claw)
 g - an uncursed amulet of magic regeneration {unknown}
Scrolls
 h - a scroll of enchant armour
 m - a scroll of teleportation {unknown}
Potions
 f - a potion of mutation {unknown}
 i - a potion of lignification {unknown}
Comestibles
 c - a meat ration


   Skills:
 + Level 4.1 Fighting
 + Level 3.3 Axes
 * Level 3.0 Armour
 + Level 1.3 Dodging
 * Level 2.6 Invocations


You had 4 spell levels left.
You didn't know any spells.

Dungeon Overview and Level Annotations

Branches:
Dungeon (2/15)

Altars:
Xom


Innate Abilities, Weirdness & Mutations

Your body is rotting away.
You thrive on raw meat.
You are immune to poison.
You have sharp fingernails.
You are carnivorous and can eat meat at any time.
Your flesh is cold resistant. (rC+)
You are immune to negative energy. (rN+++)
You regenerate slowly when monsters are visible.
You are immune to unholy pain and torment.
You can survive without breathing.


Message History

You hit the jelly but do no damage. The acid corrodes you!
Your claws burn!
* * * LOW HITPOINT WARNING * * *
The jelly is severely wounded.
The jelly hits you.
* * * LOW HITPOINT WARNING * * *
The acid corrodes you!
You are splashed with acid!
The acid burns!
* * * LOW HITPOINT WARNING * * *
Okay, then.
The jelly jiggles.
There is a stone staircase leading up here.
It was a potion of curing.
You feel better. The jelly hits you. The acid corrodes you!
You are splashed with acid!
The acid burns!
* * * LOW HITPOINT WARNING * * *
You hit the jelly but do no damage.
Your claws burn!
* * * LOW HITPOINT WARNING * * *
The jelly is heavily wounded.
The jelly hits you.
* * * LOW HITPOINT WARNING * * *
You are splashed with acid!
The acid burns!
You die...

#.# #...(....#
###.###..#.#.###
#............#
#.#..###.....# ### #.##.#
###...######### ..# #.##.#
#...........# #.# #.##.#
##.########.# #.# #.##.#
#.# #.# #.# #.##.######@#
#.#
#.####.........J.########.#
............#############.#
..####.#....##...##.....###
.......#....##...#..._...##
.#####.#....##...#.......#
..# #.........#.##'##'##+#
..# #............#.##.##.#
..###.........##.#'##+##'##


You could see a jelly.

Vanquished Creatures
  A jelly (D:2)
  Jessica (D:2)
  Natasha (twice) (D:2)
  2 adders (D:2)
  2 worms (D:2)
  2 dart slugs (D:1)
  2 leopard geckos (D:1)
  4 bats
  A giant cockroach (D:1)
  4 goblins
  5 hobgoblins
  An iguana (D:2)
  2 jackals (D:1)
  2 quokkas (D:2)
  6 frilled lizards
  7 kobolds
  4 rats
48 creatures vanquished.

Notes
Turn   | Place    | Note
-------+----------+-------------------------------------------
     0 | Abyss:1  | Gargoyl the Ghoul Abyssal Knight began the quest for the Orb.
     0 | Abyss:1  | Reached XP level 1. HP: 19/19 MP: 1/1
    67 | Abyss:1  | Noticed an ancient zyme
   121 | Abyss:2  | Noticed a quasit
   123 | D:1      | Escaped the Abyss
   358 | D:1      | Reached * piety under Lugonu
   369 | D:1      | Reached skill level 1 in Dodging
   369 | D:1      | Reached XP level 2. HP: 18/26 MP: 2/2
   673 | D:1      | Reached XP level 3. HP: 24/33 MP: 3/3
  1013 | D:2      | Reached ** piety under Lugonu
  1321 | D:2      | Reached XP level 4. HP: 39/40 MP: 4/4
  1368 | D:2      | Noticed Jessica
  1384 | D:2      | Killed Jessica
  1470 | D:2      | Noticed Natasha
  1499 | D:2      | Killed Natasha
  1499 | D:2      | Reached skill level 4 in Fighting
  1698 | D:2      | Reached XP level 5. HP: 38/46 MP: 5/5
  1855 | D:2      | Noticed Natasha
  1865 | D:2      | Killed Natasha
  1946 | D:2      | Found a shimmering altar of Xom.
  2365 | D:2      | HP: 2/46 [acid (5)]
  2365 | D:2      | Splashed by a jelly's acid

Skill      XL: |  1  2  3  4  5 |
---------------+----------------+-----
Armour         | 2 3 |  3.0
Dodging        | 1 |  1.3
Axes           | 2 3 |  3.3
Fighting       | 4 |  4.1
Invocations    | |  2.6

Action                   |  1- 3 |  4- 6 || total
-------------------------+-------+-------++-------
Melee: Hand axe          |   168 |    86 ||   254
Invok: Depart the Abyss  |     1 |       ||     1
  Use: Scroll            |     4 |       ||     4
       Potion            |       |     2 ||     2
  Eat: Chunk             |    22 |     7 ||    29
Armor: Leather armour    |     6 |       ||     6
       Chain mail        |   115 |    44 ||   159
       Ring mail         |    13 |       ||    13
Dodge: Dodged            |    74 |    33 ||   107
